 Dungeon Crawl Stone Soup version 0.31-a0-325-g067879e3d3 (webtiles) character file.

Game seed: 11359611916676147033

115449 Midn8 the Brawler (level 16, -5/151 HPs)
             Began as a Purple Draconian Berserker on July 18, 2023.
             Was the Champion of Trog.
             Slain by a radroach (29 damage)
             ... on level 4 of the Spider Nest.
             The game lasted 01:24:18 (31691 turns).

Midn8 the Brawler (Purple Draconian Berserker)     Turns: 31691, Time: 01:24:18

Health: -5/151     AC: 21    Str: 22    XL:     16   Next: 18%
Magic:  16/16      EV: 17    Int: 10    God:    Trog [******]
Gold:   1878       SH:  5    Dex: 16    Spells: 15/15 levels left

rFire   + .          .
                       - Unarmed
rCold   x . .        M - orb {mayhem}
rNeg    . . .        (body armour unavailable)
rPois   +            (helmet restricted)
rElec   .            A - +2 cloak
rCorr   .            c - +2 pair of gloves
SInv    .            D - +1 pair of boots of Inviolability {Str+2}
Will    ++...        i - amulet of reflection
Stlth   +            v - +4 ring of protection
HPRegen 0.45/turn    Q - ring of Contentment {Fire rPois Slay+2}
MPRegen 0.15/turn

%: mayhem, reflection
@: maw-form, slightly contaminated
A: devouring maw, breathe power, AC +9, unfitting armour, cold-blooded
a: Breathe Dispelling Energy, Begin Untransformation, Renounce Religion,
Berserk, Trog's Hand, Brothers in Arms


You were on level 4 of the Spider Nest.
You worshipped Trog.
Trog was exalted by your worship.
You were a creature with a mouth for a stomach.
You visited 4 branches of the dungeon, and saw 25 of its levels.
You also visited: Bailey and Volcano.

You collected 2368 gold pieces.
You spent 490 gold pieces at shops.

Inventory:

Missiles
 e - 57 poisoned darts (quivered)
 g - 14 boomerangs
 o - 11 curare-tipped darts
 p - 3 silver javelins
 t - 4 atropa-tipped darts
 C - 5 javelins
Armour
 a - a +0 buckler of fire resistance
 c - a +2 pair of gloves (worn)
 A - a +2 cloak (worn)
 D - the +1 pair of boots of Inviolability (worn) {Str+2}
   (You found it on level 1 of the Spider Nest)

   Str:       It affects your strength (+2).
 M - an orb of mayhem (worn)
Jewellery
 d - a +5 ring of evasion
 i - an amulet of reflection (around neck)
 k - a ring of protection from cold
 v - a +4 ring of protection (left hand)
 F - a ring of willpower
 K - the amulet "Seerynlo" {RegenMP +Inv rElec rC+ Dex+2}
   (You found it on level 1 of the Lair of Beasts)

   [amulet of magic regeneration]

   It increases your rate of magic regeneration.
   Dex:       It affects your dexterity (+2).
   rC:        It protects you from cold.
   rElec:     It insulates you from electricity.
   +Inv:      It lets you turn invisible.
 Q - the ring of Contentment (right hand) {Fire rPois Slay+2}
   (You found it on level 3 of the Lair of Beasts)

   [ring of fire]

   It enhances your fire magic.
   Slay:      It affects your accuracy & damage with ranged weapons and melee
   (+2).
   rF:        It protects you from fire.
   rC:        It makes you vulnerable to cold.
   rPois:     It protects you from poison.
 Y - a +6 ring of strength
Talismans
 u - a maw talisman
Wands
 x - a wand of flame (32)
 E - a wand of polymorph (11)
 L - a wand of charming (6)
 N - a wand of light (6)
 S - a wand of roots (6)
 T - a wand of digging (4)
Scrolls
 f - a scroll of blinking
 l - 4 scrolls of revelation
 n - a scroll of fear
 y - 10 scrolls of teleportation
 B - a scroll of poison
 H - 2 scrolls of fog
 I - 3 scrolls of enchant armour
 U - a scroll of silence
 V - a scroll of torment
 W - a scroll of butterflies
Potions
 b - 4 potions of haste
 h - 6 potions of curing
 j - 4 potions of invisibility
 m - 6 potions of heal wounds
 q - 2 potions of mutation
 r - 2 potions of enlightenment
 s - 5 potions of might
 w - a potion of cancellation
 z - 3 potions of berserk rage
 G - 3 potions of lignification
 J - 2 potions of magic
 O - a potion of attraction
 R - 4 potions of resistance
Miscellaneous
 P - a phantom mirror
 X - a piece from Xom's chessboard (15/15)
 Z - a phial of floods


   Skills:
 + Level 16.2 Fighting
 - Level 8.8 Throwing
 - Level 10.0 Dodging
 + Level 18.6 Unarmed Combat
 - Level 6.0 Evocations
 - Level 9.0 Shapeshifting


You had 15 spell levels left.
You didn't know any spells.
Your spell library was empty.

Dungeon Overview and Level Annotations

Branches:
Dungeon (14/15)            Temple (0/1) D:5            Lair (5/5) D:10
 Shoals (0/4) Lair:2       Spider (4/4) Lair:2        Slime (0/5) Lair:5
    Orc (2/2) D:12            Elf (0/3) Orc:2        Vaults (0/5) D:14
 Bailey (visited)         Volcano (visited)

Altars:
Nemelex Xobeh
Okawaru
Yredelemnul
Zin
Jiyva
Lugonu

Shops:
D:8 *   D:10 =   D:13 *   Orc:2 *[*:

Portals:
Abyss: Lair:5

Annotations:
D:13 3 runed translucent doors, Demosthentine's ghost, journeyman DsGl
Lair:1 3 runed translucent doors, Ehotes's ghost, journeyman OpSh
Lair:3 2 transporters, salammoniac's ghost, journeyman TrBe
Lair:5 exclusion: oklob plant


Innate Abilities, Weirdness & Mutations

You are a creature with a mouth for a stomach.
Your midsection houses a second, enormous mouth.
You can breathe bolts of dispelling energy.
Your rich purple scales are hard. (AC +9)
You cannot fit into any form of body armour.
You are cold-blooded and may be slowed by cold attacks.


Message History

The jumping spider's many legs skitter faintly.
The jumping spider leaps!
You hit the radroach.
You bite the radroach, but do no damage.
The radroach is lightly wounded.
You punch the radroach!
You tail-slap the radroach, but do no damage.
You bite the radroach.
The radroach is moderately wounded.
The radroach bites you! The radroach misses you.
You barely miss the radroach.
Your tail-slap misses the radroach.
You bite the radroach.
The radroach is moderately wounded.
The radroach erupts in a fountain of uncontrolled magic!
You are blasted with magical radiation!
You are very lightly contaminated with residual magic.
You hit the radroach but do no damage.
You bite the radroach, but do no damage.
The radroach is moderately wounded.
You pummel the radroach!!
You bite the radroach, but do no damage.
The radroach is severely wounded.
The radroach bites you!
The radroach claws you but does no damage.
You hit the radroach. You bite the radroach.
The radroach is almost dead.
The jumping spider leaps!
You hit the radroach but do no damage.
You tail-slap the radroach, but do no damage.
You bite the radroach, but do no damage.
The radroach is almost dead.
The radroach erupts in a fountain of uncontrolled magic!
You are blasted with magical radiation!!
* * * LOW HITPOINT WARNING * * *
You are lightly contaminated with residual magic.
You hit the radroach.
The radroach is almost dead.
The radroach erupts in a fountain of uncontrolled magic!
You are blasted with magical radiation!!
You die...

##..^......^#^....^
. #^.^....(.(.(..#..
..
##^.††..(.^^s....#..
###..#...(....... .
#^....(..^.#.# ..^
##.#((...#^..#...#
##......s)...^..^
##B.^#.^#<..#...^
#W^#####.#.......
#### ###....#..
#....^^ .....#
^^..^. ######


You could see a radroach (very poisoned), a jumping spider and a redback
(wandering).

Vanquished Creatures
  Rupert (Orc:2)
  A broodmother (Spider:1)
  An orc warlord (Orc:2)
  An ettin (Orc:2)
  An entropy weaver (Spider:4)
  4 hydras
  6 vault guards (D:14)
  4 centaur warriors (D:14)
  7 boulder beetles
  A radroach (Spider:1)
  7 two-headed ogres
  3 tengu warriors
  6 demonic crawlers
  4 death yaks
  2 thrashing horrors (Lair:5)
  2 pharaoh ants
  8 skeletal warriors (D:13)
  3 orb spiders
  A steelbarb worm (Spider:1)
  4 orc knights (Orc:2)
  4 ugly things
  A salamander (Volcano)
  3 orc sorcerers
  11 wolf spiders
  5 cyclopes
  3 manticores
  3 moths of wrath
  A salamander (shapeshifter) (D:13)
  10 black mambas
  9 elephants
  Maggie (D:7)
  A cane toad (shapeshifter) (Lair:5)
  13 cane toads
  2 smoke demons (Lair:5)
  A gargoyle (D:12)
  3 torpor snails
  2 rime drakes
  4 kobold demonologists
  7 komodo dragons
  An unseen horror (shapeshifter) (Lair:5)
  2 tengu conjurers
  12 trolls
  13 tarantellas
  2 polar bears
  Prince Ribbit (D:8)
  2 raiju (Lair:5)
  7 saltlings (Orc:2)
  23 blink frogs
  7 dream sheep (Lair:5)
  3 slime creatures (D:12)
  A large abomination (Lair:5)
  A vampire (D:13)
  6 culicivoras
  2 spriggans (Lair:5)
  9 jumping spiders
  A shadow (D:7)
  5 wyverns
  34 yaks
  A ynoxinul (Lair:5)
  2 hogs (D:7)
  2 wraiths
  A fire bat (Volcano)
  A steam dragon (D:9)
  2 basilisks
  Grum (D:11)
  7 humans
  13 redbacks
  3 vampire mosquitoes (D:14)
  An acid dragon (D:9)
  A hell hound (Volcano)
  17 water moccasins
  Duvessa (D:5)
  3 ice beasts
  6 black bears
  14 orc warriors
  3 sky beasts
  8 ogres
  12 wolves
  8 centaurs
  2 phantoms (D:5)
  11 kobold brigands
  13 bullfrogs
  9 scorpions
  3 gnoll sergeants (D:12)
  8 wights
  Dowan (D:5)
  13 small abominations (Lair:5)
  3 killer bees (D:8)
  2 howler monkeys
  5 electric eels
  4 jellies
  A hound (D:5)
  10 orc priests
  Crazy Yiuf (D:5)
  A gnoll bouda (D:6)
  A sleepcap (D:5)
  5 iguanas
  27 orc wizards
  19 gnolls
  13 adders
  A white imp (D:6)
  3 ufetubi
  5 worms
  2 dart slugs (D:1)
  80 orcs
  10 ball pythons
  7 endoplasms
  5 giant cockroaches
  10 goblins
  7 hobgoblins
  3 jackals (D:1)
  24 kobolds
  4 quokkas
  4 bats
  2 frilled lizards (D:1)
  3 rats
712 creatures vanquished.

Vanquished Creatures (collateral kills)
  A vault guard (D:14)
  A jorogumo (Spider:2)
  2 thrashing horrors (Lair:5)
  An orb spider (Spider:3)
  An orc sorcerer (Orc:1)
  2 wolf spiders
  A gargoyle (D:12)
  A wind drake (Lair:2)
  4 tarantellas (Spider:2)
  3 dream sheep (Lair:5)
  3 blink frogs (Lair:3)
  A culicivora (Spider:2)
  A jumping spider (Spider:2)
  12 yaks
  6 redbacks (Spider:2)
  A warg (Orc:1)
  A hell hound (Volcano)
  A water moccasin (Lair:2)
  3 orc warriors
  2 wolves (Lair:2)
  2 kobold brigands (D:12)
  An orc priest (Orc:1)
  A gnoll bouda (Orc:1)
  2 orc wizards (Orc:1)
  4 gnolls
  A worm (Lair:2)
  13 orcs
  2 kobolds (D:11)
74 creatures vanquished.

Vanquished Creatures (others)
  A vault guard (D:14)
  An orc high priest (Orc:2)
  A smoke demon (Lair:5)
  2 tarantellas
  A raiju (Lair:5)
  A blink frog (Lair:3)
  A jumping spider (Spider:1)
  A yak (Lair:4)
  A redback (Spider:2)
  A warg (Orc:2)
  A water moccasin (Lair:5)
  A centaur (D:14)
  A kobold brigand (D:12)
  A bullfrog (Lair:4)
  A gnoll sergeant (D:12)
  An orc priest (Orc:1)
  A gnoll (Orc:1)
  2 orcs (Orc:1)
  2 kobolds (D:14)
22 creatures vanquished.

Grand Total: 808 creatures vanquished

Notes
Turn   | Place    | Note
-------+----------+-------------------------------------------
     0 | D:1      | Midn8 the Draconian Berserker began the quest for the Orb.
     0 | D:1      | Reached XP level 1. HP: 19/19 MP: 1/1
    82 | D:1      | Reached XP level 2. HP: 26/26 MP: 2/2
   239 | D:1      | Reached skill level 4 in Unarmed Combat
   331 | D:1      | Reached ** piety under Trog
   337 | D:1      | Reached XP level 3. HP: 28/31 MP: 3/3
   962 | D:2      | Found a faded altar of an unknown god.
   976 | D:2      | Reached XP level 4. HP: 30/38 MP: 4/4
  1032 | D:2      | Reached skill level 5 in Unarmed Combat
  1325 | D:2      | Identified the +4 whip "Gywucs" {antimagic, rC- Int+4}
  1823 | D:3      | Found an iron altar of Okawaru.
  2646 | D:4      | Noticed an ogre
  2650 | D:4      | Killed an ogre
  2651 | D:4      | Reached skill level 6 in Unarmed Combat
  2651 | D:4      | Reached XP level 5. HP: 45/45 MP: 5/5
  2703 | D:4      | Noticed an ogre
  2716 | D:4      | Killed an ogre
  2717 | D:4      | Reached XP level 6. HP: 52/52 MP: 6/6
  3076 | D:4      | Reached skill level 7 in Unarmed Combat
  3076 | D:4      | Your scales start taking on a rich purple colour.
  3076 | D:4      | Reached XP level 7. HP: 31/60 MP: 7/7
  3237 | D:4      | Reached *** piety under Trog
  3479 | D:5      | Entered Level 5 of the Dungeon
  3844 | D:5      | Reached skill level 5 in Fighting
  3861 | D:5      | Found a staircase to the Ecumenical Temple.
  4280 | D:5      | Reached skill level 8 in Unarmed Combat
  4280 | D:5      | Reached XP level 8. HP: 57/68 MP: 8/8
  4866 | D:5      | Found a runed translucent door.
  4866 | D:5      | Noticed Dowan
  4866 | D:5      | Noticed Crazy Yiuf
  4867 | D:5      | Noticed Duvessa
  5314 | D:6      | Reached skill level 5 in Dodging
  5314 | D:6      | Reached skill level 9 in Unarmed Combat
  5607 | D:6      | Reached XP level 9. HP: 78/78 MP: 9/9
  5937 | D:6      | Found a glowing silver altar of Zin.
  6079 | D:6      | Reached skill level 10 in Unarmed Combat
  6784 | D:7      | Found a flagged portal.
  6801 | D:7      | Reached **** piety under Trog
  6826 | Bailey   | Entered a bailey
  7359 | D:7      | Identified the +12 quarterstaff "Geiss" {drain, rElec MP-9
                  | Dex+2}
  7675 | D:7      | Noticed Maggie
  7692 | D:7      | Killed Maggie
  7693 | D:7      | Reached skill level 11 in Unarmed Combat
  7784 | D:7      | Noticed a two-headed ogre
  7797 | D:7      | Killed a two-headed ogre
  7798 | D:7      | Reached XP level 10. HP: 88/88 MP: 10/10
  8329 | D:5      | Killed Duvessa
  8332 | D:5      | Killed Dowan
  8334 | D:5      | Killed Crazy Yiuf
  8335 | D:5      | Reached skill level 12 in Unarmed Combat
  8512 | D:7      | Reached ***** piety under Trog
  8775 | D:8      | Found a sparkling altar of Nemelex Xobeh.
  8811 | D:8      | Reached skill level 1 in Shapeshifting
  9409 | D:8      | Noticed Prince Ribbit
  9423 | D:8      | Killed Prince Ribbit
  9667 | D:8      | Found Athosh's Assorted Antiques.
  9675 | D:8      | Bought a scroll of teleportation for 72 gold pieces
  9682 | D:8      | Bought a wooden wand for 96 gold pieces
  9737 | D:8      | Found a basalt altar of Yredelemnul.
 10625 | D:10     | Entered Level 10 of the Dungeon
 10664 | D:10     | Reached XP level 11. HP: 95/97 MP: 11/11
 10729 | D:10     | Noticed a two-headed ogre
 10734 | D:10     | Reached skill level 5 in Shapeshifting
 10770 | D:10     | Killed a two-headed ogre
 10998 | D:10     | Found a staircase to the Lair.
 11161 | D:10     | Found Fessurud's Jewellery Emporium.
 11435 | Lair:1   | Entered Level 1 of the Lair of Beasts
 11501 | Lair:1   | Identified the amulet "Seerynlo" {RegenMP +Inv rElec rC+
                  | Dex+2}
 11745 | Lair:1   | You fall into a shaft and drop 1 floor!
 12283 | Lair:2   | Noticed a wolf spider
 12292 | Lair:2   | Killed a wolf spider
 12293 | Lair:2   | Reached skill level 1 in Throwing
 12636 | Lair:1   | Reached XP level 12. HP: 97/104 MP: 12/12
 12674 | Lair:1   | Found a runed translucent gate.
 12675 | Lair:1   | Found a runed translucent gate.
 12675 | Lair:1   | Noticed an 11-headed hydra
 12680 | Lair:1   | Noticed Ehotes's ghost (journeyman OpSh)
 12681 | Lair:1   | Found a runed translucent gate.
 12721 | Lair:1   | Noticed a boulder beetle
 12734 | Lair:1   | Killed a boulder beetle
 13253 | Lair:2   | Reached skill level 13 in Unarmed Combat
 13424 | Lair:2   | Found a staircase to the Shoals.
 13561 | Lair:2   | Found a hole to the Spider Nest.
 13573 | Lair:2   | Noticed a demonic crawler
 13581 | Lair:2   | Killed a demonic crawler
 13908 | Lair:3   | Received a gift from Trog
 13920 | Lair:3   | Reached skill level 10 in Fighting
 14501 | Lair:3   | Noticed a death yak
 14547 | Lair:3   | Reached skill level 14 in Unarmed Combat
 14556 | Lair:3   | Killed a death yak
 14918 | Lair:3   | Reached XP level 13. HP: 109/114 MP: 13/13
 15028 | Lair:3   | Identified the ring of Contentment {Fire rPois Slay+2}
 15099 | Lair:3   | Found a transporter.
 15102 | Lair:3   | Found a transporter.
 15102 | Lair:3   | Noticed salammoniac's ghost (journeyman TrBe)
 15911 | Lair:4   | Reached skill level 5 in Throwing
 15921 | Lair:4   | Received a gift from Trog
 16871 | Lair:5   | Entered Level 5 of the Lair of Beasts
 16905 | Lair:5   | Reached skill level 15 in Unarmed Combat
 17086 | Lair:5   | Found a staircase to the Slime Pits.
 17086 | Lair:5   | Found a viscous altar of Jiyva.
 18479 | Lair:5   | Reached skill level 10 in Dodging
 18645 | Lair:5   | Reached XP level 14. HP: 125/125 MP: 14/14
 19288 | Lair:5   | Found a corrupted altar of Lugonu.
 19288 | Lair:5   | Found a one-way gate to the infinite horrors of the Abyss.
 19815 | D:11     | Reached skill level 16 in Unarmed Combat
 19919 | D:11     | Noticed Grum
 19939 | D:11     | Killed Grum
 21078 | D:12     | Found a staircase to the Orcish Mines.
 22136 | Orc:1    | Entered Level 1 of the Orcish Mines
 22165 | Orc:1    | Reached ****** piety under Trog
 22277 | Orc:1    | Identified the +11 battleaxe "Tusuace" {heavy, Will+ Dex+3}
                  | (Trog gifted it to you on level 1 of the Orcish Mines)
 22277 | Orc:1    | Received a gift from Trog
 22553 | Orc:2    | Entered Level 2 of the Orcish Mines
 22555 | Orc:2    | Found a staircase to the Elven Halls.
 22726 | Orc:2    | Noticed Rupert
 22741 | Orc:2    | Killed Rupert
 23035 | Orc:2    | Found a dark tunnel.
 23046 | Volcano  | Entered a volcano
 23318 | Volcano  | Reached skill level 17 in Unarmed Combat
 23907 | Orc:2    | Found Xatwacee's Assorted Antiques.
 23913 | Orc:2    | Bought a scroll labelled ZUWKAI FIPEU for 33 gold pieces
 23913 | Orc:2    | Bought a sharpened iron wand for 132 gold pieces
 23934 | Orc:2    | Found Gohem's General Store.
 24069 | Orc:2    | Found Baumuh's Book Shop.
 24173 | Orc:2    | Found Petwad's Armour Boutique.
 24173 | Orc:2    | Noticed an orc warlord
 24327 | Orc:2    | Killed an orc warlord
 24354 | Orc:2    | HP: 9/193 [poisoned by an orc warrior]
 25118 | Orc:2    | Bought a potion of invisibility for 128 gold pieces
 25362 | D:13     | Reached XP level 15. HP: 124/136 MP: 15/15
 25589 | D:13     | Noticed Demosthentine's ghost (journeyman DsGl)
 25730 | D:13     | Upgraded the game from 0.31-a0-321-g19405a7a6a to
                  | 0.31-a0-325-g067879e3d3
 26146 | D:13     | Found Cier's Assorted Antiques.
 26151 | D:13     | Bought a viscous clear potion for 29 gold pieces
 26161 | D:13     | Found a runed translucent gate.
 26162 | D:13     | Found a runed translucent gate.
 26163 | D:13     | Found a runed translucent gate.
 26811 | D:14     | Found a gate to the Vaults.
 27080 | D:14     | HP: 4/136 [seven-headed hydra (10)]
 27384 | D:14     | Reached skill level 15 in Fighting
 27384 | D:14     | Reached skill level 1 in Evocations
 27996 | Spider:1 | Entered Level 1 of the Spider Nest
 28113 | Spider:1 | Received a gift from Trog
 28349 | Spider:1 | Found a transporter.
 28350 | Spider:1 | Found a transporter.
 28373 | Spider:1 | Reached skill level 5 in Evocations
 28400 | Spider:1 | Got the +1 pair of boots of Inviolability {Str+2}
 28988 | Spider:1 | Reached skill level 18 in Unarmed Combat
 30235 | Spider:2 | Reached XP level 16. HP: 148/150 MP: 16/16
 31193 | Spider:3 | Found the +8 trishula "Condemnation" {holy, anguish, *Noise
                  | Fly rN+}
 31467 | Spider:4 | Entered Level 4 of the Spider Nest
 31511 | Spider:4 | Received a gift from Trog
 31554 | Spider:4 | HP: 9/226 [entropy weaver (19)]
 31691 | Spider:4 | Slain by a radroach

Illustrated notes

Levels and vault maps discovered:
D:1:      saegor_arrival_simple_e, layout_basic, chequers_serial_rivers_micro_a,
          minmay_heptomino_l4
D:2:      layout_basic, shapermc_ecumenical_altar_mp_urbaneastern
D:3:      layout_basic, okawaru_gym_becter, minmay_fractal_squares_diagonal_5
D:4:      layout_rooms
D:5:      minmay_recursive_quarters, layout_basic,
          minmay_temple_entry_gardened_gates, uniq_crazy_yiuf_cottage,
          uniq_duvessa
D:6:      layout_loops_corners, zin_scriptorium, minmay_ruffians
D:7:      minmay_clustersquares, layout_cave_pools, enter_bailey_5,
          grunt_livestock, uniq_maggie
D:8:      layout_loops_corners, mainiacjoe_overflow_swirl, serial_shops,
          nicolae_shop_statue_plus, glass_columns_c,
          chequers_hall_statues_corner_a, uniq_prince_ribbit1
D:9:      layout_cave_pods, grunt_ministairs_1
D:10:     layout_roguey, due_lair_maze_entry_diamond, serial_shops,
          nicolae_shop_just_a_little_nook
D:11:     layout_irregular_city, uniq_grum
D:12:     layout_stronghold, kennysheep_orc_monster_closet_entryway
D:13:     layout_loops_ring, serial_shops, shop, maelrawn_ghost_gauntlet_escape
D:14:     layout_basic, erik_vaults_2, hex_tiny, due_unseen_surprise
Lair:1:   layout_loops_ring, gammafunk_ghost_hydra_chop,
          infiniplex_staircase_pool_2
Lair:2:   layout_loops_ring, minmay_shoals_entry_beasts,
          nicolae_spider_entry_non_spiders, nicolae_lair_run_with_the_wolves,
          grunt_megastairs_2
Lair:3:   layout_gridlike, gammafunk_ghost_hive, nzn_random_ring
Lair:4:   layout_big_grid, serial_bayou_shore_a, serial_bayou_shore_b
Lair:5:   hellmonk_lair_end_abyssal_woods, layout_loops_ring,
          minmay_slime_entry_oklob_open, infiniplex_staircase_pool,
          serial_bayou_shore_b, grunt_megastairs_1, serial_bayou_shore_b
Spider:1: gammafunk_boulding_lane, hangedman_spider_tarantella_strand
Spider:2: layout_cave_pods
Spider:3: layout_chambers, guppyfry_spider_mini_2
Spider:4: hellmonk_spider_rune_bug_friends, drop_trap,
          nicolae_spider_paper_wasps
Orc:1:    layout_diamond_mine
Orc:2:    hellmonk_orc_salted, layout_caves, lightli_volcano_entry_magma_tube,
          basic_altar, uniq_rupert

Skill      XL: |  1  2  3  4  5  6  7  8  9 10 11 12 13 14 15 16 |
---------------+-------------------------------------------------+-----
Unarmed Combat | 4 6 7 8 9 11 12 14 15 17 18 | 18.6
Dodging        | 3 4 5 6 7 8 10 | 10.0
Fighting       | 4 5 6 8 9 10 11 13 15 16 | 16.2
Shapeshifting  | 4 9 |  9.0
Throwing       | 1 4 6 8 |  8.8
Evocations     | 6 |  6.0

Action                     |  1- 3 |  4- 6 |  7- 9 | 10-12 | 13-15 | 16-18 || total
---------------------------+-------+-------+-------+-------+-------+-------++-------
  Melee: Unarmed           |   121 |   125 |   376 |   619 |  1336 |    81 ||  2658
         Tailslap          |    11 |    10 |    46 |   108 |   245 |    19 ||   439
         Punch             |     3 |     4 |    11 |    23 |       |       ||    41
         Maw               |       |       |       |    88 |   354 |    22 ||   464
  Throw: Dart              |       |       |    10 |     9 |    45 |    25 ||    89
         Javelin           |       |       |       |       |     4 |       ||     4
         Boomerang         |       |       |       |       |       |     5 ||     5
 Invoke: Berserk           |       |     3 |     8 |     7 |    17 |     1 ||    36
         Trog's Hand       |       |       |       |       |     3 |       ||     3
         Brothers in Arms  |       |       |       |       |     1 |       ||     1
Ability: Breathe Dispellin |       |       |    16 |    21 |    12 |       ||    49
  Evoke: Wand              |       |       |       |       |    15 |       ||    15
    Use: Scroll            |       |    10 |     5 |     5 |    15 |     1 ||    36
         Potion            |       |       |       |     1 |     9 |       ||    10
   Stab: Sleeping          |     1 |       |     3 |       |     2 |     1 ||     7
         Distracted        |       |       |       |       |     3 |       ||     3
         Confused          |       |       |       |       |     1 |       ||     1
 Armour: Skin              |    42 |    27 |    82 |   155 |   401 |    34 ||   741
  Dodge: Dodged            |    59 |    68 |   194 |   333 |   810 |    61 ||  1525
  Block: Other             |       |       |    12 |    55 |       |       ||    67
         Reflection        |       |       |     4 |       |     7 |       ||    11
         Orb               |       |       |       |    56 |   231 |    21 ||   308
   Form: Blade             |       |       |       |     2 |       |       ||     2
         Maw               |       |       |       |     2 |       |       ||     2
                           |       |       |       |     1 |       |       ||     1

Table legend: (Time is in decaauts)
 A = Elapsed time spent in this place.
 B = Non-inter-level travel time spent in this place.
 C = Inter-level travel time spent in this place.
 D = Time resting spent in this place.
 E = Time spent auto-exploring this place.
 F = Levels seen in this place.
 G = Mean time per level.
                   A        B        C        D        E       F      G
               +--------+--------+--------+--------+--------+-----+--------+
         Total |  31495 |  30211 |   1284 |  10427 |  13796 |  27 | 1166.5 |
       Dungeon |  16120 |  15327 |    793 |   4422 |   8274 |  14 | 1151.4 |
          Lair |   8386 |   8089 |    297 |   3317 |   3039 |   5 | 1677.2 |
   Spider Nest |   3593 |   3516 |     77 |    976 |   1889 |   4 |  898.2 |
  Orcish Mines |   2588 |   2472 |    116 |   1390 |    593 |   2 | 1294.0 |
        Bailey |    377 |    377 |      0 |    142 |      0 |   1 |  377.0 |
       Volcano |    429 |    429 |      0 |    179 |      0 |   1 |  429.0 |
               +--------+--------+--------+--------+--------+-----+--------+

Top non-repeatable levels by time:
  Lair:5: 2701 daAuts
     D:5: 2186 daAuts
   Orc:2: 2158 daAuts
  Lair:2: 1713 daAuts
  Lair:3: 1680 daAuts
    D:12: 1470 daAuts
Spider:1: 1461 daAuts
     D:6: 1384 daAuts
    D:13: 1371 daAuts
  Lair:4: 1235 daAuts
    D:14: 1233 daAuts
     D:7: 1223 daAuts
     D:8: 1125 daAuts
Spider:3: 1071 daAuts
  Lair:1: 1055 daAuts
